 Dungeon Crawl Stone Soup version 0.29.1-2-gbd0b4ee654 (webtiles) character file.

Game seed: 7121680824518992840

74 fantasyman the Covered (level 4, -3/36 (40) HPs)
             Began as a Meteoran Fighter on Nov 30, 2022.
             Slain by a worm (7 damage)
             ... on level 2 of the Dungeon.
             The game lasted 00:03:02 (931 turns).

fantasyman the Covered (Meteoran Fighter)            Turns: 931, Time: 00:03:03

HP:   -3/36 (40)    AC:  7    Str: 19    XL:     4   Next: 84%
MP:   6/6           EV:  9    Int: 10    God:
Gold: 80            SH:  5    Dex: 13    Spells: 5/5 levels left

rFire   . . .      SeeInvis .   a - +0 flail
rCold   . . .      Faith    .   c - +0 buckler
rNeg    . . .      Spirit   .   b - +0 scale mail
rPois   .          Reflect  .   (no helmet)
rElec   .          Harm     .   (no cloak)
rCorr   .          Rampage  .   (no gloves)
Will    .....                   (no boots)
Stlth   ..........              (no amulet)
HPRegen 0.12/turn               (no ring)
MPRegen 0.10/turn               (no ring)

@: glowing, heavily drained
A: sense surroundings 1, otherworldly, glowing, explore regen
a: no special abilities


You were on level 2 of the Dungeon.
You visited 1 branch of the dungeon, and saw 2 of its levels.

You collected 80 gold pieces.

Inventory:

Hand Weapons
 a - a +0 flail (weapon)
Armour
 b - a +0 scale mail (worn)
 c - a +0 buckler (worn)
Wands
 h - a wand of flame (30)
Scrolls
 e - 2 scrolls of identify {unknown}
 f - a scroll of blinking {unknown}
 i - a scroll of amnesia {unknown}
 j - a scroll of enchant weapon {unknown}
Potions
 d - 2 potions of might
 g - a potion of curing


   Skills:
 * Level 3.8 Fighting
 * Level 3.8 Maces & Flails
 * Level 4.1 Armour
 * Level 1.3 Dodging
 * Level 4.0 Shields
 * Level 1.0 Spellcasting


You had 5 spell levels left.
You didn't know any spells.
Your spell library was empty.

Dungeon Overview and Level Annotations

Branches:
Dungeon (2/15) Zot: 373

Altars:


Innate Abilities, Weirdness & Mutations

You passively map a small area around you.
You are easily found by Zot.
You glow in the dark.
You regain HP and MP as you explore.


Message History

You hit the endoplasm.
The endoplasm is moderately wounded.
You block the endoplasm's attack.
You hit the endoplasm.
You kill the endoplasm!
You barely miss the worm. You block the worm's attack.
You barely miss the worm. The worm bites you but does no damage.
You hit the worm.
The worm is moderately wounded.
You hit the worm.
The worm is severely wounded.
The worm bites you.
* * * LOW HITPOINT WARNING * * *
You hit the worm.
The worm is severely wounded.
You block the worm's attack.
You hit the worm.
The worm is almost dead.
You hit the worm.
The worm is almost dead.
The worm bites you but does no damage.
You hit the worm but do no damage.
The worm is almost dead.
The worm bites you.
* * * LOW HITPOINT WARNING * * *
You barely miss the worm.
The worm is almost dead.
The worm closely misses you.
You barely miss the worm.
The worm is severely wounded.
You hit the worm.
The worm is almost dead.
The worm barely misses you.
You hit the worm.
The worm is almost dead.
The worm closely misses you.
You barely miss the worm.
The worm is almost dead.
The worm bites you!
You die...

....................#######
.........)..#......## #...#
#......#####..#.##### #...#
######.#####..#.....###...#
.....#..##....###.........#
......#.##.##.....#####...#
...........##.##### #...#
########......####### #...#
# #...........w@...# #####
# #..........####..#
####..........# ####
.)...>......w##*###### *
###.†........# #.....#, ,
.............##....... , ,
...#........†#........
...##..####..#........ , ,
...,......[...w..?....


You could see a worm.

Vanquished Creatures
  Jessica (D:2)
  An adder (D:2)
  A dart slug (D:1)
  5 bats
  5 endoplasms
  2 giant cockroaches
  4 goblins
  3 hobgoblins (D:1)
  4 kobolds
  3 quokkas
  A ball python (D:1)
  2 frilled lizards
  2 rats (D:1)
34 creatures vanquished.

Notes
Turn   | Place    | Note
-------+----------+-------------------------------------------
     0 | D:1      | fantasyman the Meteoran Fighter began the quest for the
                  | Orb.
     0 | D:1      | Reached XP level 1. HP: 19/19 MP: 2/2
    43 | D:1      | Reached XP level 2. HP: 25/26 MP: 3/3
   349 | D:1      | Reached XP level 3. HP: 31/31 MP: 4/4
   415 | D:1      | Found a faded altar of an unknown god.
   431 | D:1      | Reached skill level 1 in Dodging
   482 | D:1      | Glimpsed the power of Zot.
   530 | D:1      | Glimpsed the power of Zot.
   558 | D:1      | Glimpsed the power of Zot.
   564 | D:1      | Touched by the power of Zot.
   629 | D:1      | Glimpsed the power of Zot.
   677 | D:1      | Glimpsed the power of Zot.
   723 | D:2      | HP: 1/21 [giant cockroach (2)]
   744 | D:2      | Reached XP level 4. HP: 4/30 MP: 5/5
   777 | D:2      | Noticed Jessica
   784 | D:2      | Killed Jessica
   811 | D:2      | Reached skill level 1 in Spellcasting
   931 | D:2      | Slain by a worm

Illustrated notes

Levels and vault maps discovered:
D:1:      spicycebolla_green_bress_n_ham, layout_loops_ring, serial_rivers,
          chequers_serial_rivers_marsh, chequers_serial_rivers_large_b,
          chequers_serial_rivers_small_a, chequers_serial_rivers_micro_a,
          chequers_serial_rivers_micro_d, chequers_serial_rivers_room_a,
          shapermc_ecumenical_altar_notcrosses, chequers_serial_rivers_room_a
D:2:      layout_rooms, uniq_jessica

Skill      XL: |  1  2  3  4 |
---------------+-------------+-----
Maces & Flails | 3 |  3.8
Dodging        | 1 |  1.3
Armour         | 4 |  4.1
Shields        | 4 |  4.0
Spellcasting   | 1 |  1.0
Fighting       | |  3.8

Action                   |  1- 3 |  4- 6 || total
-------------------------+-------+-------++-------
Melee: Flail             |    88 |    40 ||   128
  Use: Potion            |     1 |     1 ||     2
Armor: Scale mail        |    65 |    18 ||    83
Dodge: Dodged            |    47 |    17 ||    64
Block: Buckler           |    31 |     8 ||    39
